 Dungeon Crawl Stone Soup version 0.31.0-2-g5a2aebc5c2 (webtiles) character file.

Game seed: 2029596773994434022

15537 Aviak the Spear-Bearer (level 12, -1/98 HPs)
             Began as a Gnoll Reaver on Jan 20, 2024.
             Was a Believer of Ashenzari.
             Slain by a minotaur
             ... wielding a +1 war axe of electrocution
              (5 damage)
             ... in a Gauntlet.
             The game lasted 00:48:53 (12915 turns).

Aviak the Spear-Bearer (Gnoll Reaver)              Turns: 12915, Time: 00:48:53

Health: -1/98      AC: 12    Str: 11    XL:     12   Next: 28%
Magic:  18/26      EV: 16    Int: 14    God:    Ashenzari [**....]
Gold:   241        SH:  6    Dex: 16    Spells: 15/32 levels left

rFire   . . .        b - +7 trident "Hulk" {flame, +Blink rElec Int-4 Dex+5}
rCold   + . .        N - +0 buckler
rNeg    . . .        j - +0 steam dragon scales of the Ensconced Oracle {Dev, Self} (curse)
rPois   .            P - +2 helmet
rElec   +            (no cloak)
rCorr   .            F - +0 pair of gloves of Ashenzari's the Ego {Elem, Self} (curse)
SInv    +            s - +0 pair of boots of the Ruined Planets {Elem, Sorc} (curse)
Will    .....        (no amulet)
Stlth   ++++         O - ring of wizardry
HPRegen 0.36/turn    A - ring "I Knew You'd Do That" {rC+, Range, Melee} (curse)
MPRegen 0.20/turn

%: no teleportation, wizardry (x1)
@: immotile
A: fangs 1, strong nose, distributed training
a: Renounce Religion, Evoke Blink, Shatter the Chains


You were in a Gauntlet.
You worshipped Ashenzari.
Ashenzari was pleased with you.
You visited 1 branch of the dungeon, and saw 12 of its levels.
You also visited: Ossuary, Gauntlet and Ice Cave.

You collected 717 gold pieces.
You spent 476 gold pieces at shops.

Inventory:

Hand Weapons
 b - the +7 trident "Hulk" (weapon) {flame, +Blink rElec Int-4 Dex+5}
   (You found it on level 11 of the Dungeon)

   Int-4:     It affects your intelligence (-4).
   Dex+5:     It affects your dexterity (+5).
   rElec:     It insulates you from electricity.
   +Blink:    It lets you blink.
 v - a +4 flail of protection
Missiles
 J - a throwing net {!f}
Armour
 j - the cursed +0 steam dragon scales of the Ensconced Oracle (worn) {Dev, Self}
   (You found it on level 2 of the Dungeon)

   It has a curse which improves the following skills: Devices: Evocations and
   Shapeshifting.
   Introspection: Fighting and Spellcasting.
 s - the cursed +0 pair of boots of the Ruined Planets (worn) {Elem, Sorc}
   (You found it on level 2 of the Dungeon)

   It has a curse which improves the following skills: Elements: Fire Magic, Ice
   Magic, Air Magic and Earth Magic.
   Sorcery:   Conjurations and Alchemy.
 u - +0 acid dragon scales {rCorr}
 z - the +1 cloak of the Illusory Yaks {Harm rElec}
   (You found it in a Gauntlet)

   rElec:     It insulates you from electricity.
   Harm:      It increases damage dealt and taken.
 F - the cursed +0 pair of gloves of Ashenzari's the Ego (worn) {Elem, Self}
   (You found it on level 5 of the Dungeon)

   It has a curse which improves the following skills: Elements: Fire Magic, Ice
   Magic, Air Magic and Earth Magic.
   Introspection: Fighting and Spellcasting.
 M - +0 steam dragon scales
 N - a +0 buckler (worn)
 P - a +2 helmet (worn)
Magical Staves
 r - a staff of air {rElec}
Jewellery
 a - a +4 ring of protection
 A - the cursed ring "I Knew You'd Do That" (right hand) {rC+, Range, Melee}
   (You found it on level 5 of the Dungeon)

   [ring of protection from cold]

   rC+:       It protects you from cold.
   It has a curse which improves the following skills: Ranged Combat: Ranged
   Weapons and Throwing.
   Melee Combat: Short Blades, Long Blades, Axes, Maces & Flails, Polearms,
   Staves and Unarmed Combat.
 C - a ring of protection from cold
 K - an amulet of guardian spirit
 O - a ring of wizardry (left hand)
 Z - a ring of see invisible
Talismans
 m - a flux talisman
 G - a serpent talisman
Wands
 i - a wand of flame (20)
Scrolls
 d - 2 scrolls of noise {!r!r}
 k - 3 scrolls of immolation
 q - 2 scrolls of enchant armour
 t - 4 scrolls of teleportation
 w - a scroll of brand weapon
 x - 4 scrolls of blinking
 y - 2 scrolls of fear
 E - 2 scrolls of revelation
 H - a scroll of poison
 I - 2 scrolls of amnesia
 L - a scroll of torment {!r}
Potions
 c - 3 potions of curing
 e - a potion of mutation {!q}
 f - 4 potions of haste
 g - 4 potions of lignification {!q}
 h - 3 potions of heal wounds
 l - 2 potions of cancellation
 n - a potion of might
 p - a potion of resistance
 B - 2 potions of attraction
 D - a potion of brilliance
Miscellaneous
 o - a phial of floods (inert)
 Q - a lightning rod (4/4)


   Skills:
 + Level 8.8(10.5) Fighting
 + Level 7.4(8.6) Short Blades
 + Level 7.4(8.6) Long Blades
 + Level 7.4(8.6) Axes
 + Level 7.4(8.6) Maces & Flails
 + Level 10.0(11.1) Polearms
 + Level 7.4(8.6) Staves
 + Level 7.4(8.6) Ranged Weapons
 + Level 7.4(8.6) Throwing
 + Level 7.4 Armour
 + Level 8.8 Dodging
 + Level 7.4 Stealth
 + Level 7.4 Shields
 + Level 7.4(8.6) Unarmed Combat
 + Level 9.0(10.8) Spellcasting
 + Level 8.3(9.5) Conjurations
 + Level 6.1 Hexes
 + Level 6.1 Summonings
 + Level 6.1 Necromancy
 + Level 6.1 Translocations
 + Level 6.1(7.9) Fire Magic
 + Level 6.1(7.9) Ice Magic
 + Level 6.1(7.9) Air Magic
 + Level 6.1(7.9) Earth Magic
 + Level 6.1(7.3) Alchemy
 + Level 8.1 Invocations
 + Level 7.4(8.6) Evocations
 + Level 6.7(7.9) Shapeshifting


You had 15 spell levels left.
You knew the following spells:

 Your Spells              Type           Power      Damage    Failure   Level
a - Kiss of Death         Conj/Necr      100%       2d13      1%          1
b - Momentum Strike       Conj/Tloc      58%        3d9       1%          2
c - Hailstorm             Conj/Ice       31%        3d8       1%          3
d - Fulminant Prism       Conj/Alch      15%        3d10      1%          4
e - Iskenderun's Mystic   Conj/Tloc      29%        2d7       1%          4
f - Summon Ice Beast      Ice/Summ       27%        N/A       1%          3

Your spell library contained the following spells:

 Spells                   Type           Power      Damage    Failure   Level
 Summon Small Mammal      Summ           96%        N/A       1%          1
 Call Imp                 Summ           48%        N/A       1%          2
 Jinxbite                 Hex            48%        N/A       1%          2
 Lesser Beckoning         Tloc           48%        N/A       1%          2
 Gell's Gravitas          Tloc           24%        N/A       1%          3
 Teleport Other           Tloc           24%        N/A       1%          3
 Volatile Blastmotes      Fire/Tloc      54%        2d14      1%          3
 Yara's Violent Unravell  Hex/Alch       13%        3d7       9%          5
 Summon Forest            Summ/Tloc      12%        N/A       12%         5
 Summon Mana Viper        Hex/Summ       24%        N/A       12%         5
 Summon Cactus Giant      Summ           12%        N/A       50%         6
 Enfeeble                 Hex            12%        N/A       96%         7
 Monstrous Menagerie      Summ           12%        N/A       96%         7
 Infestation              Necr           12%        N/A       100%        8


Dungeon Overview and Level Annotations

Branches:
Dungeon (12/15)              Lair (0/5) D:8             Orc (0/2) D:10
Ossuary (visited)           IceCv (visited)         Gauntlet (1/1)
 Temple: D:4-7

Altars:
Ashenzari
Dithmenos
Elyvilon
Hepliaklqana
Makhleb
Okawaru
Trog
Uskayaw
Xom
Zin

Shops:
D:8 =**   D:10 !

Annotations:
D:4 Dowan, Duvessa
D:6 2 transporters, sausages's ghost, amateur GrEE Gauntlet 6 transporters


Innate Abilities, Weirdness & Mutations

You have very sharp teeth.
Your uncanny sense of smell can sniff out nearby items.
Your experience applies equally to all skills.


Message History

Okay, then.
The minotaur bellows!
Casting: Fulminant Prism (mildly dangerous; 1% risk of failure)
Confirm with . or Enter, or press ? or * to list all spells.
Aiming: Fulminant Prism (mildly dangerous; 1% risk of failure)
Press: ? - help, Dir - move target You conjure a prism of explosive energy!
A fulminant prism comes into view.
Casting: Fulminant Prism (mildly dangerous; 1% risk of failure)
Confirm with . or Enter, or press ? or * to list all spells.
A chill wind blows around you.
Your fulminant prism crackles loudly.
You barely miss the minotaur.
The minotaur hits you with a +1 war axe of electrocution!!
The minotaur gores you but does no damage.
Casting: Summon Ice Beast (safe; 1% risk of failure)
Confirm with . or Enter, or press ? or * to list all spells.
Aiming: Momentum Strike (safe; 1% risk of failure)
Press: ? - help, Dir - move target, f - minotaur
Aim: a minotaur, wielding a +1 war axe of electrocution, wearing a +0 plate armour, wearing the ring "Cagronea" {Fire rN+ Str+6 Slay+2} and quivering silver javelins (ally target, 88% to hit)
The concentrated momentum hits the minotaur but does no damage.
You are unable to move.
Your fulminant prism explodes!
The blast of energy engulfs the minotaur.
The minotaur is lightly wounded.
The minotaur hits you with a +1 war axe of electrocution!
The minotaur hits your ice beast with a +1 war axe of electrocution!!
The minotaur gores you!
You barely miss the minotaur.
The minotaur is lightly wounded.
Your ice beast hits the minotaur.
Your ice beast freezes the minotaur!
The minotaur is frozen!
The minotaur hits you with a +1 war axe of electrocution!!
* * * LOW HITPOINT WARNING * * *
The minotaur hits your ice beast with a +1 war axe of electrocution!!
Lightning courses through your ice beast!!
Your ice beast dies!
Your ice beast disappears in a puff of smoke!
The minotaur gores you.
You die...

#..###########...###########..##
8#.............................#8
##≈............≈∩≈............≈##
###############################
#8 ≈...............≈# #8# #
8.8.8..©.©..8.8.8# ###
#≈...............≈#
####.###.###.##### #. #@# #.#
#.....H§......# #.###.###.###.#
#. .# . . ## ##


You could see a minotaur.

Vanquished Creatures
  A catoblepas (Gauntlet)
  A two-headed ogre (D:9)
  2 manticores
  2 ugly things
  A cyclops (D:11)
  2 ice statues (IceCv)
  2 gargoyles (Gauntlet)
  A freezing wraith (IceCv)
  An efreet (Gauntlet)
  2 unseen horrors
  A troll (D:10)
  A queen bee (Gauntlet)
  A hornet (D:9)
  3 slime creatures (D:11)
  A shadow (D:11)
  4 wyverns
  2 wraiths
  A yak (D:8)
  A fire elemental (Gauntlet)
  6 vampire mosquitoes (D:11)
  3 steam dragons
  4 acid dragons
  2 hell hounds (Gauntlet)
  A water moccasin (D:7)
  6 orc warriors
  An ice beast (D:6)
  2 black bears (D:8)
  3 sky beasts
  2 ogres
  3 centaurs
  2 phantoms
  A kobold brigand (D:9)
  2 bullfrogs (D:6)
  A gnoll sergeant (D:9)
  6 water moccasin zombies (Ossuary)
  3 scorpions
  A burial acolyte (Ossuary)
  5 wights (D:5)
  18 killer bees
  3 elephant simulacra (IceCv)
  3 howler monkeys
  2 gnoll boudas
  7 orc priests
  2 bombardier beetles (D:6)
  2 hounds
  4 jellies
  An iguana (D:5)
  A spectral scorpion (Ossuary)
  Ijyb (D:3)
  17 orc wizards
  A wolf simulacrum (IceCv)
  A crocodile zombie (Ossuary)
  A bullfrog simulacrum (Ossuary)
  2 mummies (Ossuary)
  26 gnolls
  5 adders
  2 ufetubi (D:7)
  4 adder zombies (Ossuary)
  A dart slug (D:2)
  44 orcs
  5 endoplasms
  A giant cockroach (D:1)
  7 gnoll zombies (Ossuary)
  7 goblins
  8 hobgoblins
  5 jackals (D:1)
  6 ball pythons
  5 bats
  2 frilled lizards
  2 jackal zombies (Ossuary)
  13 kobolds
  6 orc zombies (Ossuary)
  6 rats
305 creatures vanquished.

Vanquished Creatures (collateral kills)
  An ugly thing (D:11)
  A vampire mosquito (D:11)
  A gnoll sergeant (D:11)
  A killer bee (Gauntlet)
4 creatures vanquished.

Vanquished Creatures (others)
  An orc (D:9)
  26 fulminant prisms
27 creatures vanquished.

Grand Total: 336 creatures vanquished

Notes
Turn   | Place    | Note
-------+----------+-------------------------------------------
     0 | D:1      | Aviak the Gnoll Reaver began the quest for the Orb.
     0 | D:1      | Reached XP level 1. HP: 20/20 MP: 6/6
   132 | D:1      | Reached XP level 2. HP: 25/26 MP: 7/7
   615 | D:1      | Reached skill level 5 in Spellcasting
   615 | D:1      | Reached XP level 3. HP: 31/31 MP: 7/9
   746 | D:2      | Reached skill level 1 in Invocations
   811 | D:2      | Found a faded altar of an unknown god.
   834 | D:2      | Prayed at the altar of an unknown god.
   834 | D:2      | Became a worshipper of Ashenzari the Shackled
   854 | D:2      | Reached skill level 1 in Short Blades
   854 | D:2      | Reached skill level 1 in Long Blades
   854 | D:2      | Reached skill level 1 in Axes
   854 | D:2      | Reached skill level 1 in Maces & Flails
   854 | D:2      | Reached skill level 1 in Staves
   854 | D:2      | Reached skill level 1 in Ranged Weapons
   854 | D:2      | Reached skill level 1 in Throwing
   854 | D:2      | Reached skill level 1 in Armour
   854 | D:2      | Reached skill level 1 in Stealth
   854 | D:2      | Reached skill level 1 in Shields
   854 | D:2      | Reached skill level 1 in Unarmed Combat
   854 | D:2      | Reached skill level 1 in Evocations
   981 | D:2      | Reached skill level 1 in Shapeshifting
   981 | D:2      | Reached XP level 4. HP: 39/39 MP: 11/11
  1046 | D:2      | Learned a level 2 spell: Momentum Strike
  1238 | D:3      | Reached skill level 1 in Hexes
  1238 | D:3      | Reached skill level 1 in Summonings
  1238 | D:3      | Reached skill level 1 in Necromancy
  1238 | D:3      | Reached skill level 1 in Translocations
  1238 | D:3      | Reached skill level 1 in Fire Magic
  1238 | D:3      | Reached skill level 1 in Ice Magic
  1238 | D:3      | Reached skill level 1 in Air Magic
  1238 | D:3      | Reached skill level 1 in Earth Magic
  1238 | D:3      | Reached skill level 1 in Alchemy
  1532 | D:3      | Reached * piety under Ashenzari
  1540 | D:3      | Noticed a scorpion
  1555 | D:3      | Killed a scorpion
  1556 | D:3      | Reached XP level 5. HP: 38/45 MP: 10/13
  1696 | D:3      | Found a bloodstained altar of Trog.
  1786 | D:4      | Noticed Ijyb
  1813 | D:3      | Killed Ijyb
  1970 | D:4      | Noticed a lemure
  1970 | D:4      | Noticed a lemure
  2015 | D:4      | Noticed an ogre
  2019 | D:4      | Reached XP level 6. HP: 4/36 MP: 13/15
  2222 | D:4      | Noticed Duvessa
  2224 | D:4      | Noticed Dowan
  2231 | D:5      | Entered Level 5 of the Dungeon
  2244 | D:5      | Reached skill level 5 in Fighting
  2244 | D:5      | Reached skill level 5 in Dodging
  2264 | D:5      | Reached ** piety under Ashenzari
  2292 | D:5      | Learned a level 3 spell: Hailstorm
  2620 | D:5      | Found a sand-covered staircase.
  2636 | Ossuary  | Entered an ossuary
  2662 | Ossuary  | Reached skill level 7 in Polearms
  2662 | Ossuary  | Reached XP level 7. HP: 42/58 MP: 17/17
  3133 | Ossuary  | Reached XP level 8. HP: 43/65 MP: 9/18
  3917 | D:5      | Found an iron altar of Okawaru.
  4197 | D:6      | Found a transporter.
  4200 | D:6      | Noticed sausages's ghost (amateur GrEE)
  4205 | D:6      | Found a transporter.
  4206 | D:6      | Identified the +7 giant spiked club of the Final Souls
                  | {drain, rF+ Will- Stlth+}
  4354 | D:6      | Reached XP level 9. HP: 64/72 MP: 20/20
  4626 | D:6      | Found a white marble altar of Elyvilon.
  4692 | D:6      | Found a hazy altar of Hepliaklqana.
  4692 | D:6      | Found a burning altar of Makhleb.
  5359 | D:7      | Reached skill level 8 in Polearms
  5412 | D:7      | Found a shadowy altar of Dithmenos.
  5450 | D:7      | Reached skill level 5 in Invocations
  5933 | D:7      | Found a glowing silver altar of Zin.
  5933 | D:7      | Noticed an angel
  6720 | D:8      | Found Loeqyoll's General Store.
  6723 | D:8      | Bought a book of Blasting for 336 gold pieces
  6728 | D:8      | Learned a level 4 spell: Fulminant Prism
  6733 | D:8      | Learned a level 4 spell: Iskenderun's Mystic Blast
  6748 | D:8      | Reached skill level 5 in Short Blades
  6748 | D:8      | Reached skill level 5 in Long Blades
  6748 | D:8      | Reached skill level 5 in Axes
  6748 | D:8      | Reached skill level 5 in Maces & Flails
  6748 | D:8      | Reached skill level 5 in Staves
  6748 | D:8      | Reached skill level 5 in Ranged Weapons
  6748 | D:8      | Reached skill level 5 in Throwing
  6748 | D:8      | Reached skill level 5 in Armour
  6748 | D:8      | Reached skill level 5 in Stealth
  6748 | D:8      | Reached skill level 5 in Shields
  6748 | D:8      | Reached skill level 5 in Unarmed Combat
  6748 | D:8      | Reached skill level 5 in Evocations
  6748 | D:8      | Reached XP level 10. HP: 64/82 MP: 7/22
  7014 | D:8      | Found Bebep's Assorted Antiques.
  7267 | D:8      | Found a staircase to the Lair.
  7737 | D:8      | Identified the Directory of Phantasmal Cadavers
  7793 | D:8      | Reached skill level 5 in Shapeshifting
  7896 | D:8      | Found Napny's Jewellery Shoppe.
  8070 | D:9      | Paralysed by a hornet for 1 turns
  8493 | D:9      | Noticed a red ugly thing
  8509 | D:9      | Killed a red ugly thing
  8781 | D:9      | Learned a level 3 spell: Summon Ice Beast
  8799 | D:9      | Noticed a two-headed ogre
  8805 | D:9      | Killed a two-headed ogre
  8806 | D:9      | Reached skill level 9 in Polearms
  8806 | D:9      | Reached skill level 5 in Hexes
  8806 | D:9      | Reached skill level 5 in Summonings
  8806 | D:9      | Reached skill level 5 in Necromancy
  8806 | D:9      | Reached skill level 5 in Translocations
  8806 | D:9      | Reached skill level 5 in Fire Magic
  8806 | D:9      | Reached skill level 5 in Ice Magic
  8806 | D:9      | Reached skill level 5 in Air Magic
  8806 | D:9      | Reached skill level 5 in Earth Magic
  8806 | D:9      | Reached skill level 5 in Alchemy
  8806 | D:9      | Reached XP level 11. HP: 58/89 MP: 16/24
  9164 | D:10     | Entered Level 10 of the Dungeon
  9226 | D:10     | Found Otine's Distillery.
  9232 | D:10     | Bought 2 potions of heal wounds for 140 gold pieces
  9263 | D:10     | Reached *** piety under Ashenzari
  9423 | D:10     | Noticed a manticore
  9433 | D:10     | Killed a manticore
  9893 | D:10     | Found a staircase to the Orcish Mines.
 10016 | D:10     | Found a shimmering altar of Xom.
 10022 | D:10     | Found a hide-covered altar of Uskayaw.
 10625 | D:11     | Identified the +7 trident "Hulk" {flame, +Blink rElec Int-4
                  | Dex+5}
 10699 | D:11     | Noticed a manticore
 10711 | D:11     | Killed a manticore
 10783 | D:11     | Noticed a brown ugly thing
 10829 | D:11     | Found a frozen archway.
 10838 | IceCv    | Entered an ice cave
 10838 | IceCv    | Identified the +0 leather armour of Veges {Will+}
 10885 | IceCv    | Identified the cursed +0 pair of gloves of Ashenzari's the
                  | Ego {Elem, Self} (You found it on level 5 of the Dungeon)
 10885 | IceCv    | Identified the cursed +0 pair of boots of the Ruined
                  | Planets {Elem, Sorc} (You found it on level 2 of the
                  | Dungeon)
 10885 | IceCv    | Identified the cursed +0 steam dragon scales of the
                  | Ensconced Oracle {Dev, Self} (You found it on level 2 of
                  | the Dungeon)
 11052 | IceCv    | Found a transporter.
 11058 | IceCv    | Noticed a white ugly thing
 11062 | IceCv    | Found a transporter.
 11076 | IceCv    | Killed a white ugly thing
 11458 | D:11     | Killed a brown ugly thing
 11561 | D:11     | Identified the -1 pair of boots "Qipeo" {*Slow rN++ Dex+2}
 11591 | D:11     | Noticed a white ugly thing
 11591 | D:11     | Noticed a cyclops
 11655 | D:11     | Noticed a cyclops
 11663 | D:11     | Killed a cyclops
 11665 | D:11     | Reached XP level 12. HP: 97/97 MP: 17/26
 12013 | D:12     | Found a gate leading to a gauntlet.
 12022 | Gauntlet | Entered a Gauntlet
 12022 | Gauntlet | Found a transporter.
 12022 | Gauntlet | Found a transporter.
 12022 | Gauntlet | Found a transporter.
 12025 | Gauntlet | Noticed a soul eater
 12025 | Gauntlet | Identified the +0 cloak of the Black Moon {Str+4}
 12026 | Gauntlet | Found a transporter.
 12026 | Gauntlet | Found a transporter.
 12028 | Gauntlet | Found a transporter.
 12036 | Gauntlet | Found a transporter.
 12040 | Gauntlet | Found a transporter.
 12048 | Gauntlet | Noticed a death yak
 12049 | Gauntlet | Identified the +1 cloak of the Illusory Yaks {Harm rElec}
 12050 | Gauntlet | Noticed a death yak
 12050 | Gauntlet | Identified the ring "Diwuesiu" {^Drain Fly rN++ Str+3}
 12050 | Gauntlet | Noticed a death yak
 12052 | Gauntlet | Found a transporter.
 12052 | Gauntlet | Noticed a death yak
 12053 | Gauntlet | Noticed a death yak
 12137 | Gauntlet | Identified the Almanac of Egalitarianism
 12151 | Gauntlet | Noticed a catoblepas
 12155 | Gauntlet | Found a transporter.
 12157 | Gauntlet | Found a transporter.
 12165 | Gauntlet | Found a transporter.
 12428 | Gauntlet | Killed a catoblepas
 12661 | Gauntlet | Reached skill level 10 in Polearms
 12909 | Gauntlet | Identified the ring "Cagronea" {Fire rN+ Str+6 Slay+2}
 12909 | Gauntlet | Noticed a minotaur
 12915 | Gauntlet | HP: 4/98 [minotaur/+1 war axe of electrocution (35)]
 12915 | Gauntlet | Slain by a minotaur

Illustrated notes

Levels and vault maps discovered:
D:1:      heliophobic_arrival_battle_scene, layout_loops_ring,
          hangedman_abyss_or_decor_lesser_grid
D:2:      layout_basic, shapermc_ecumenical_altar_gd
D:3:      layout_rooms, lightli_temple_of_fire
D:4:      layout_cave_pools, lemuel_temple_firewalk_b, serial_bayou_ford_a,
          uniq_duvessa, uniq_ijyb, uniq_pikel
D:5:      layout_basic, mainiacjoe_overflow_cross_hatched,
          mainiacjoe_ossuary_entry_dusty_tomb
D:6:      layout_gridville, mainiacjoe_overflow_concentric_impassable,
          nicolae_overflow_two_pavilions, gammafunk_ghost_smash
D:7:      layout_layer_cave, lemuel_doored_altar, zin_angel
D:8:      layout_basic, david_lair_generic, serial_shops, shop,
          nicolae_shop_tiny_statue_garden, nicolae_stop_n_shop_2,
          minmay_misc_feat_tower
D:9:      layout_long_grid, skrybe_limestone_x
D:10:     layout_loops_ring, minitemple, orc_0_dummy, serial_shops,
          nicolae_stop_n_shop_1
D:11:     layout_loops_ring, portal_ice_cave_entry_pillars_2, grunt_tough_drop
D:12:     layout_rooms, gauntlet_entry_generic
Gauntlet: gammafunk_gauntlet_hard_choice [gammafunk_gauntlet_arena_corners,
          gammafunk_gauntlet_arena_split_x, nicolae_gauntlet_arena_grate_2,
          gammafunk_gauntlet_arena_grid, gammafunk_gauntlet_arena_mazey,
          nicolae_gauntlet_arena_blocks, gauntlet_exit_watery]

Skill      XL: |  1  2  3  4  5  6  7  8  9 10 11 12 |
---------------+-------------------------------------+-----
Spellcasting   | 5 6 7 8 9 |  9.0
Invocations    | 1 2 3 4 5 6 7 8 |  8.1
Short Blades   | 1 2 3 5 6 7 |  7.4
Long Blades    | 1 2 3 5 6 7 |  7.4
Axes           | 1 2 3 5 6 7 |  7.4
Maces & Flails | 1 2 3 5 6 7 |  7.4
Staves         | 1 2 3 5 6 7 |  7.4
Ranged Weapons | 1 2 3 5 6 7 |  7.4
Throwing       | 1 2 3 5 6 7 |  7.4
Armour         | 1 2 3 5 6 7 |  7.4
Stealth        | 1 2 3 5 6 7 |  7.4
Shields        | 1 2 3 5 6 7 |  7.4
Unarmed Combat | 1 2 3 5 6 7 |  7.4
Evocations     | 1 2 3 5 6 7 |  7.4
Shapeshifting  | 1 2 3 4 5 6 |  6.7
Hexes          | 1 2 3 4 5 6 |  6.1
Summonings     | 1 2 3 4 5 6 |  6.1
Necromancy     | 1 2 3 4 5 6 |  6.1
Translocations | 1 2 3 4 5 6 |  6.1
Fire Magic     | 1 2 3 4 5 6 |  6.1
Ice Magic      | 1 2 3 4 5 6 |  6.1
Air Magic      | 1 2 3 4 5 6 |  6.1
Earth Magic    | 1 2 3 4 5 6 |  6.1
Alchemy        | 1 2 3 4 5 6 |  6.1
Fighting       | 5 6 7 8 |  8.8
Dodging        | 5 6 7 8 |  8.8
Polearms       | 7 8 9 10 | 10.0
Conjurations   | 6 7 8 |  8.3

Action                     |  1- 3 |  4- 6 |  7- 9 | 10-12 || total
---------------------------+-------+-------+-------+-------++-------
  Melee: Spear             |   116 |   141 |       |       ||   257
         Bite              |    10 |    16 |    42 |    54 ||   122
         Punch             |     1 |     1 |     9 |     3 ||    14
         Dagger            |       |    62 |   327 |   288 ||   677
         Trident           |       |       |       |   172 ||   172
   Cast: Momentum Strike   |       |     6 |    20 |    15 ||    41
         Kiss of Death     |       |     4 |     2 |     4 ||    10
         Hailstorm         |       |       |    44 |    38 ||    82
         Iskenderun's Myst |       |       |     2 |    16 ||    18
         Fulminant Prism   |       |       |     1 |    25 ||    26
         Summon Ice Beast  |       |       |       |    11 ||    11
 Invoke: Curse Item        |     1 |     2 |     1 |     2 ||     6
         Shatter the Chain |       |       |       |     2 ||     2
  Evoke: Wand              |       |     2 |     1 |     5 ||     8
         Phial of floods   |       |       |       |     1 ||     1
    Use: Potion            |       |       |     1 |    16 ||    17
         Scroll            |       |       |       |     2 ||     2
   Stab: Sleeping          |     1 |     4 |     1 |     2 ||     8
         Distracted        |       |       |       |     2 ||     2
 Armour: Leather armour    |    10 |       |       |       ||    10
         Ring mail         |     3 |       |       |       ||     3
         Steam dragon scal |    27 |    82 |   179 |   283 ||   571
         Skin              |       |       |       |    29 ||    29
  Dodge: Dodged            |    39 |    83 |   214 |   307 ||   643
  Block: Buckler           |       |       |       |    80 ||    80
